 Dungeon Crawl Stone Soup version 0.17.1-1-g73c8601 (webtiles) character file.

891 penguinsfan71 the Grave Robber (level 7, 0/47 HPs)
             Began as a Vampire Necromancer on Dec 29, 2015.
             Slain by a gnoll sergeant
             ... wielding a +0 spear of piercing
              (7 damage)
             ... on level 5 of the Dungeon on Feb 2, 2016.
             The game lasted 00:42:14 (5341 turns).

penguinsfan71 the Grave Robber (VpNe)               Turns: 5341, Time: 00:42:14

Health: 0/47       AC:  2    Str:  7      XL:     7   Next: 77%
Magic:  15/15      EV: 17    Int: 19      God:
Gold:   230        SH:  0    Dex: 12 (13) Spells: 2 memorised, 9 levels left

rFire  . . .     SeeInvis +     n - +2 short sword (elec)
rCold  . . .     Clarity  .     a - +0 robe
rNeg   + . .     SustAt   .     (no shield)
rPois  .         Gourm    .     (no helmet)
rElec  .         Spirit   .     (no cloak)
rCorr  .         Warding  .     (no gloves)
rMut   .         Stasis   .     (no boots)
MR     .....                    y - amulet of regeneration
Stlth  +++.......               (no ring)
                                v - +4 ring of evasion

@: not resistant to hostile enchantments, fairly stealthy
A: fangs 3, see invisible, clumsy 1, deterioration 1, unbreathing
a: Bat Form


You were on level 5 of the Dungeon.
You were not thirsty.

You visited 1 branch of the dungeon, and saw 5 of its levels.

You collected 230 gold pieces.

Inventory:

Hand Weapons
 d - a +0 dagger
 h - a +0 short sword
 m - a +0 spear
 n - a +2 short sword of electrocution (weapon)
 D - a +0 blowgun
 I - a cursed -2 falchion
 N - a +0 long sword
Missiles
 p - 38 bolts
 w - 3 throwing nets (quivered)
 x - 17 arrows of flame
 A - 2 needles of sleeping
 E - 14 poisoned needles
 G - 89 stones
 M - 8 javelins
Armour
 a - a +0 robe (worn)
 f - a +0 leather armour
 i - a +0 robe
 t - a +0 robe
 Q - the cursed +0 ring mail of the Beginning {Dex+3, unknown}
   (You found it on level 5 of the Dungeon)

   It affects your dexterity (+3).
   It has a curse placed upon it.
Jewellery
 v - a +4 ring of evasion (left hand)
 y - an amulet of regeneration (around neck)
Wands
 F - a wand of enslavement (0)
Scrolls
 g - a scroll of magic mapping
 j - 2 scrolls of fog
 q - 9 scrolls of remove curse
 B - 5 scrolls of identify
 C - a scroll of random uselessness
 H - a scroll of immolation {unknown}
 L - a scroll of enchant weapon {unknown}
Potions
 c - 26 potions of blood
 e - 4 potions of curing
 k - a potion of degeneration {unknown}
 l - a potion of might {unknown}
 o - 2 potions of brilliance {unknown}
 r - a potion of lignification {unknown}
 u - a potion of poison {unknown}
 z - 2 potions of magic {unknown}
 J - a potion of resistance {unknown}
 K - a potion of ambrosia {unknown}
 P - a potion of invisibility {unknown}
Books
 b - a book of Necromancy

   Spells                             Type                      Level
   a - Pain                           Necromancy                   1
   b - Animate Skeleton               Necromancy                   1
   c - Vampiric Draining              Necromancy                   3
   d - Regeneration                   Charms/Necromancy            3
   e - Animate Dead                   Necromancy                   4
   f - Control Undead                 Necromancy                   4
 s - a book of Transfigurations

   Spells                             Type                      Level
   a - Stoneskin                      Transmutation/Earth          2
   b - Irradiate                      Conjuration/Transmutation    5
   c - Statue Form                    Transmutation/Earth          6
   d - Hydra Form                     Transmutation                6
   e - Dragon Form                    Transmutation                7
 O - a Necronomicon

   Spells                             Type                      Level
   a - Haunt                          Necromancy/Summoning         7
   b - Borgnjor's Revivification      Necromancy                   8
   c - Death's Door                   Charms/Necromancy            8
   d - Necromutation                  Transmutation/Necromancy     8


   Skills:
 + Level 0.3 Fighting
 + Level 0.2 Short Blades
 + Level 3.6 Dodging
 + Level 3.7 Stealth
 + Level 5.7 Spellcasting
 + Level 7.5 Necromancy
 * Level 1.0 Transmutations


You had 9 spell levels left.
You knew the following spells:

 Your Spells              Type           Power        Failure   Level  Hunger
a - Pain                  Necr           ####         1%          1    None
b - Dragon Form           Trmt           #.........   100%        7    #######


Dungeon Overview and Level Annotations

Branches:
Dungeon (5/15)
 Temple: D:4-7

Altars:
Fedhas
Gozag
Yredelemnul
The Shining One


Innate Abilities, Weirdness & Mutations

You have razor-sharp teeth.
You have supernaturally acute eyesight.
You can survive without breathing.
You are clumsy. (Dex -2)
Your body sometimes deteriorates upon taking damage.


Message History

The gnoll sergeant is moderately wounded.
The gnoll sergeant closely misses you.
The gnoll sergeant hits you with a spear of piercing.
* * * LOW HITPOINT WARNING * * *
The gnoll sergeant blocks your attack.
The gnoll sergeant is moderately wounded.
The gnoll sergeant hits you with a spear of piercing.
* * * LOW HITPOINT WARNING * * *
x2 You hit the gnoll sergeant.
The gnoll sergeant is moderately wounded.
The gnoll sergeant barely misses you.
You hit the gnoll sergeant.
The gnoll sergeant is heavily wounded.
The gnoll sergeant completely misses you.
You hit the gnoll sergeant but do no damage.
The gnoll sergeant is heavily wounded.
The gnoll sergeant hits you with a spear of piercing.
* * * LOW HITPOINT WARNING * * *
x2 The gnoll sergeant hits you from afar with a spear of piercing!
You die...

......# #.#.# #.#.#
......########'#'## #.#.#
......##..........######.#.#
......##.................#.##
[.....##.................†..#
########..........###########
#******#######'#.........,,,*
,,,,,,,,,,* #.#.########,***
,,,,,,,,,,* #.#@..#*****,*
,,,,,,,,,,* #.#)#......,,*
..,,,,,,,,* #.#g#..####***
##********* #.#g#,.# *
#.#g#,.# * #.#g#,,# *
#.#.#,,* * #.#.#,,* *
***********#.#.#***


You could see a gnoll sergeant and 3 gnolls.

Vanquished Creatures
  Sigmund (D:3)
  A phantom (D:4)
  A scorpion (D:4)
  2 crimson imps (D:5)
  A hound (D:4)
  An orc priest (D:4)
  An orc wizard (D:4)
  2 iguanas
  5 worker ants
  8 adders
  5 gnolls
  2 oozes
  4 worms (D:2)
  11 orcs
  2 ball pythons
  8 giant cockroaches
  6 hobgoblins
  10 jackals
  12 kobolds
  2 quokkas
  12 bats
  5 giant geckos
  A giant newt (D:4)
  6 goblins
  7 rats
116 creatures vanquished.

Notes
Turn   | Place    | Note
--------------------------------------------------------------
     0 | D:1      | penguinsfan71 the Vampire Necromancer began the quest for the Orb.
     0 | D:1      | Reached XP level 1. HP: 13/13 MP: 3/3
   216 | D:1      | Reached XP level 2. HP: 17/19 MP: 1/5
   350 | D:1      | Reached skill level 5 in Necromancy
   723 | D:1      | Reached XP level 3. HP: 20/24 MP: 4/6
  1475 | D:2      | Found a glowing golden altar of the Shining One.
  1475 | D:2      | Found an opulent altar of Gozag.
  1510 | D:2      | Reached XP level 4. HP: 27/30 MP: 4/8
  2273 | D:2      | Found a basalt altar of Yredelemnul.
  2273 | D:2      | Found a blossoming altar of Fedhas.
  3024 | D:3      | Reached XP level 5. HP: 18/35 MP: 5/10
  3076 | D:3      | Noticed Sigmund
  3428 | D:3      | Killed Sigmund
  3428 | D:3      | Reached skill level 6 in Necromancy
  3428 | D:3      | Reached XP level 6. HP: 26/41 MP: 3/12
  4307 | D:4      | Reached skill level 5 in Spellcasting
  4307 | D:4      | Reached XP level 7. HP: 28/46 MP: 11/14
  4320 | D:4      | Learned a level 7 spell: Dragon Form
  4349 | D:4      | Gained mutation: You are clumsy. (Dex -2) [mutagenic glow]
  4395 | D:4      | Gained mutation: Your body sometimes deteriorates upon taking damage. [mutagenic glow]
  4440 | D:4      | Reached skill level 7 in Necromancy
  4861 | D:5      | Entered Level 5 of the Dungeon
  5091 | D:5      | Got an ichor-stained ring mail
  5234 | D:5      | Reached skill level 1 in Transmutations
  5341 | D:5      | Slain by a gnoll sergeant

Action                   |  1- 3 |  4- 6 |  7- 9 || total
-------------------------+-------+-------+-------++-------
Melee: Unarmed           |     8 |       |       ||     8
       Short sword       |    32 |    31 |    57 ||   120
 Cast: Pain              |    42 |   122 |    31 ||   195
  Use: Potion            |     2 |    10 |     7 ||    19
       Scroll            |     1 |     3 |     3 ||     7
 Stab: Sleeping          |     1 |       |     3 ||     4
